 Dungeon Crawl Stone Soup version 0.15.0-16-gce31824 (webtiles) character file.

811 Kashira the Vexing (level 7, -8/61 HPs)
             Began as a Naga Enchanter on Sept 5, 2014.
             Mangled by a mummy (9 damage)
             ... in an ossuary.
             The game lasted 00:26:08 (5127 turns).

Kashira the Vexing (Naga Enchanter)                 Turns: 5127, Time: 00:26:08

HP  -8/61        AC  6     Str 10      XL: 7   Next: 93%
MP   2/17        EV 11     Int 21      God:
Gold 195         SH  0     Dex 13      Spells:  3 memorised,  7 levels left

rFire  . . .     SeeInvis +     a - +2 dagger
rCold  . . .     Clarity  .     k - +0 leather armour
rNeg   . . .     rCorr    +     (no shield)
rPois  +         rRot     .     (no helmet)
rElec  .         Spirit   .     (no cloak)
SustAb .         Warding  .     p - +1 pair of gloves
rMut   .         Stasis   .     (no barding)
Gourm  .                        m - amulet of resist corrosion
MR     .....                    (no ring)
                                (no ring)

@: confused, brilliant, very slightly contaminated, very slow, not resistant to
hostile enchantments, very unstealthy
A: spit poison, see invisible, deformed body, poison resistance, slowness 2, AC
+2
a: Spit Poison


You were in an ossuary.
You were not hungry.

You visited 1 branch of the dungeon, and saw 6 of its levels.
You also visited: Sewer and Ossuary.

You collected 195 gold pieces.

Inventory:

Hand weapons
 a - a +2 dagger (weapon)
Missiles
 l - 4 tomahawks (quivered)
Armour
 k - a +0 leather armour (worn)
 p - a +1 pair of gloves (worn)
Comestibles
 d - 3 bread rations
 i - 7 fruits
Scrolls
 h - a scroll of enchant armour
 n - 3 scrolls of remove curse
 u - a scroll of identify
Jewellery
 m - an amulet of resist corrosion (around neck)
Potions
 e - a potion of confusion
 j - a potion of cure mutation
Books
 c - a book of Maledictions

   Spells                             Type                      Level
   *Corona                            Hexes                        1
   Sure Blade                         Hexes/Charms                 2
   Ensorcelled Hibernation            Hexes/Ice                    2
   *Confuse                           Hexes                        3
   *Dazzling Spray                    Conjuration/Hexes            3
   Enslavement                        Hexes                        4


   Skills:
 + Level 2.4 Fighting
 - Level 1.0 Short Blades
 + Level 2.4 Armour
 + Level 3.8 Dodging
 - Level 4.4 Stealth
 + Level 4.0 Spellcasting
 + Level 2.4 Conjurations
 + Level 4.6 Hexes


You had 7 spell levels left.
You knew the following spells:

 Your Spells              Type           Power        Failure   Level  Hunger
a - Corona                Hex            #####..      1%          1    None
b - Dazzling Spray        Conj/Hex       ####....     1%          3    ###....
c - Confuse               Hex            #####...     1%          3    ###....


Dungeon Overview and Level Annotations

Branches:
Dungeon (6/15)
 Temple: D:4-7

Altars:
Cheibriados


Innate Abilities, Weirdness & Mutations

You cannot wear boots.
You can spit poison.
Your serpentine skin is tough (AC +2).
You have supernaturally acute eyesight.
Armour fits poorly on your strangely shaped body.
Your system is resistant to poisons.
You cover ground very slowly.


Message History

Drink which item? (? for menu, Esc to quit)
You feel better.
It was a potion of curing.
The hound zombie bites you but does no damage.
Casting: Dazzling Spray
Confirm with . or Enter, or press ? or * to list all spells.
Aiming: Dazzling Spray
Press: ? - help, Shift-Dir - straight line The spray of energy hits you!
* * * LOW HITPOINT WARNING * * *
You are confused.
The spray of energy misses the hound zombie.
The spray of energy hits the elf zombie.
The spray of energy hits the mummy.
The mummy is heavily damaged.
The hound zombie barely misses you. The mummy hits you.
* * * LOW HITPOINT WARNING * * *
Ouch! The hound zombie closely misses you. The hound zombie bites you.
* * * LOW HITPOINT WARNING * * *
The mummy hits you!
You die...

..##.+ #......##..#
#...### #...####...#
#Z.....# ######......#
#...... .............#
#..... .............#
#ZZ.. ########......#
#..Z####.+ #.####...#
#..##....####Z#M!##..#
#..'........ZZ'Z@∩#..#
#..##....####Z#!!##..#
#...####.+ #.####...#
#......########......#
#....................#
#....................#
######################


You could see a mummy, a hound zombie, a gnoll zombie, 2 kobold zombies and an
elf zombie.

Vanquished Creatures
  A water moccasin (D:5)
  A sky beast (D:5)
  A crocodile (Sewer)
  An elf zombie (Ossuary)
  A jelly (D:3)
  A hound (D:5)
  An orc wizard (D:3)
  An iguana (D:3)
  A worker ant (D:4)
  2 hound zombies (Ossuary)
  4 gnolls (D:3)
  10 adders
  5 giant mites
  3 worms
  2 adder zombies (Ossuary)
  An iguana skeleton (D:5)
  7 giant geckos
  7 orcs
  4 hobgoblins
  3 quokkas
  14 bats
  4 giant cockroaches
  2 giant newts (D:2)
  6 goblins
  5 goblin zombies (Ossuary)
  A hobgoblin zombie (Ossuary)
  2 jackals
  4 jackal zombies (Ossuary)
  9 kobolds
  5 kobold zombies (Ossuary)
  An orc zombie (Ossuary)
  2 quokka zombies (Ossuary)
  8 rats
  4 rat zombies (Ossuary)
124 creatures vanquished.

Notes
Turn   | Place    | Note
--------------------------------------------------------------
     0 | D:1      | Kashira, the Naga Enchanter, began the quest for the Orb.
     0 | D:1      | Reached XP level 1. HP: 15/15 MP: 3/3
   236 | D:1      | Reached XP level 2. HP: 22/22 MP: 2/4
   868 | D:2      | Reached XP level 3. HP: 26/30 MP: 1/6
   873 | D:2      | Learned a level 3 spell: Dazzling Spray
  1240 | D:2      | Reached XP level 4. HP: 32/37 MP: 0/8
  1579 | D:2      | Reached skill level 1 in Fighting
  2208 | D:3      | Reached skill level 1 in Armour
  2208 | D:3      | Reached XP level 5. HP: 26/44 MP: 2/9
  2219 | D:3      | Learned a level 3 spell: Confuse
  2345 | D:3      | Reached skill level 1 in Conjurations
  2670 | D:3      | Found a snail-covered altar of Cheibriados.
  2816 | D:3      | Reached XP level 6. HP: 51/51 MP: 1/12
  3553 | D:4      | Found a glowing drain.
  3701 | Sewer    | Entered a sewer
  3841 | Sewer    | Got a brightly glowing scale mail
  3858 | Sewer    | Identified the cursed -2 scale mail "Elabe" {Stlth--} (You found it in a sewer)
  3958 | D:4      | Reached XP level 7. HP: 55/58 MP: 11/15
  3965 | D:5      | Entered Level 5 of the Dungeon
  4496 | D:5      | Found a sand-covered staircase.
  4534 | Ossuary  | Entered an ossuary
  5121 | Ossuary  | HP: 3/61 [mummy (18)]
  5125 | Ossuary  | HP: 1/61 [mummy (1)]
  5127 | Ossuary  | Mangled by a mummy

Action                   |  1- 3 |  4- 6 |  7- 9 || total
-------------------------+-------+-------+-------++-------
Melee: Dagger            |    54 |    78 |   216 ||   348
 Cast: Corona            |     8 |     1 |       ||     9
       Dazzling Spray    |     4 |    47 |    33 ||    84
       Confuse           |       |       |     1 ||     1
 Abil: Spit Poison       |    37 |    64 |    14 ||   115
  Use: Scroll            |       |     7 |     2 ||     9
       Potion            |       |       |     6 ||     6
 Stab: Invisible         |     1 |     5 |     1 ||     7
       Sleeping          |       |     1 |     2 ||     3
       Confused          |       |       |     1 ||     1
  Eat: Chunk             |     2 |    14 |     3 ||    19
       Meat ration       |       |     1 |       ||     1
       Beef jerky        |       |       |     2 ||     2
       Bread ration      |       |       |     1 ||     1
